 Dungeon Crawl Stone Soup version 0.26-a0-72-g09a6a6ccbd (webtiles) character file.

Game seed: 14552242706908045726

1025 Error4North the Covered (level 8, -3/69 HPs)
             Began as a Minotaur Fighter on June 14, 2020.
             Killed from afar by Dowan (13 damage)
             ... with a shard of ice
             ... on level 4 of the Dungeon.
             The game lasted 00:16:33 (4096 turns).

Error4North the Covered (Minotaur Fighter)          Turns: 4096, Time: 00:16:34

Health: -3/69      AC: 11    Str: 21 (22) XL:     8   Next: 2%
Magic:  7/7        EV:  7    Int:  5      God:
Gold:   215        SH: 10    Dex: 13      Spells: 7/7 levels left

rFire    + . .     SeeInvis .   d - +0 hand axe (venom)
rCold    . . .     Gourm    .   c - +0 kite shield
rNeg     . . .     Faith    .   e - +0 chain mail
rPois    .         Spirit   .   (helmet restricted)
rElec    .         Reflect  .   (no cloak)
rCorr    .         Harm     .   p - +0 pair of gloves
MR       .....                  (no boots)
Stlth    ..........             (no amulet)
HPRegen  0.21/turn              (no ring)
MPRegen  0.10/turn              (no ring)

@: no status effects
A: retaliatory headbutt, horns 2, agile 1, fire resistance 1, evolution 1
a: no special abilities


You were on level 4 of the Dungeon.
You were not hungry.

You visited 1 branch of the dungeon, and saw 4 of its levels.
You also visited: Sewer.

You collected 215 gold pieces.

Inventory:

Hand Weapons
 d - a +0 hand axe of venom (weapon)
Missiles
 g - 35 sling bullets
Armour
 c - a +0 kite shield (worn)
 e - a +0 chain mail (worn)
 p - a +0 pair of gloves (worn)
Scrolls
 a - a scroll of enchant armour {unknown}
 i - 6 scrolls of teleportation {unknown}
 j - 3 scrolls of remove curse {unknown}
 k - 2 scrolls of identify {unknown}
 l - 3 scrolls of magic mapping {unknown}
 m - a scroll of noise {unknown}
 n - 3 scrolls of amnesia {unknown}
 q - a scroll of enchant weapon {unknown}
 s - a scroll of fear {unknown}
 t - 3 scrolls of blinking {unknown}
 u - a scroll of fog {unknown}
Potions
 b - a potion of curing {unknown}
 h - 3 potions of might
 o - a potion of mutation
 v - a potion of stabbing {unknown}
Comestibles
 f - 6 rations
 w - 4 chunks of flesh


   Skills:
 * Level 5.5 Fighting
 + Level 5.6 Axes
 * Level 6.8 Armour
 * Level 3.1 Dodging
 + Level 0.3 Stealth
 * Level 6.6 Shields


You had 7 spell levels left.
You didn't know any spells.
Your spell library was empty.

Dungeon Overview and Level Annotations

Branches:
Dungeon (4/15)              Sewer (visited)
 Temple: D:4-7

Altars:
Makhleb
The Shining One

Annotations:
D:4 Dowan


Innate Abilities, Weirdness & Mutations

You reflexively headbutt those who attack you in melee.
You have a pair of horns on your head.
You are agile. (Dex +2)
Your flesh is heat resistant. (rF+)
You evolve.


Message History

Dowan convulses!
You hit Menkaure.
You destroy Menkaure!
You feel your intelligence returning.
Your Dodging skill increases to level 3!
You have reached level 8!
You feel agile.
You hit Duvessa.
You kill Duvessa!
Dowan screams, "No!
No!"
Dowan seems to find hidden reserves of power!
The orc shouts!
You hit Dowan.
Dowan is poisoned.
Your headbutt misses Dowan.
Dowan is almost dead.
You block Dowan's attack.
The orc throws a boomerang.
The boomerang hits you but does no damage.
The weapon returns to the orc!
Dowan casts a spell at you. The shard of ice hits you!
You die...

#....#. #o. .. ## ##.....
.###.. .. ..####......
...... .###............
......##..#..####......#
#.............####......
#..............>##......
.........####...#.......
.......@.##.............
.......e..#>............
....###.................
.....#.......).รท........
..........##..#.........
........###..###.....#..
.........#......)....###
...%..[.........).#..#
...........a.....###.###


You could see Dowan (fast, very poisoned) and an orc.

Vanquished Creatures
  A hippogriff (D:2)
  Menkaure (D:4)
  Duvessa (D:4)
  An ogre (D:4)
  The ghost of Flogoulo the Cudgeler, a weakling TrCK of Xom (D:3)
  A scorpion (D:4)
  2 orc priests
  A hound (D:4)
  An iguana (D:3)
  Terence (D:2)
  Natasha (thrice) (D:3)
  3 orc wizards
  2 worker ants (D:4)
  A hound skeleton (D:4)
  Robin (D:3)
  7 adders
  2 worker ant simulacra (D:3)
  4 worms
  A dart slug (D:1)
  An adder simulacrum (D:3)
  A leopard gecko (D:2)
  9 orcs
  3 bats
  3 giant cockroaches
  13 goblins
  5 hobgoblins
  9 jackals
  A quokka (D:3)
  6 ball pythons
  9 frilled lizards
  A giant cockroach simulacrum (D:3)
  A jackal simulacrum (D:3)
  15 kobolds
  5 rats
  7 plants (Sewer)
124 creatures vanquished.

Notes
Turn   | Place    | Note
-------+----------+-------------------------------------------
     0 | D:1      | Error4North the Minotaur Fighter began the quest for the
                  | Orb.
     0 | D:1      | Reached XP level 1. HP: 19/19 MP: 0/0
   396 | D:1      | Reached XP level 2. HP: 27/27 MP: 1/1
  1079 | D:2      | Found a burning altar of Makhleb.
  1116 | D:2      | Reached XP level 3. HP: 32/33 MP: 2/2
  1407 | D:2      | Noticed a hippogriff
  1407 | D:2      | Noticed Terence
  1428 | D:2      | Killed a hippogriff
  1428 | D:2      | Reached XP level 4. HP: 29/41 MP: 3/3
  1428 | D:2      | Reached XP level 5. HP: 34/47 MP: 4/4
  1606 | D:2      | Killed Terence
  1850 | D:3      | Found a glowing golden altar of the Shining One.
  1891 | D:3      | Noticed Robin
  1901 | D:3      | Reached XP level 6. HP: 44/53 MP: 5/5
  1902 | D:3      | Reached skill level 5 in Armour
  1907 | D:3      | Killed Robin
  1907 | D:3      | Reached skill level 5 in Shields
  1939 | D:3      | Gained mutation: You evolve. [potion of mutation]
  1939 | D:3      | Gained mutation: Your flesh is heat resistant. (rF+)
                  | [potion of mutation]
  1939 | D:3      | Gained mutation: You are agile. (Dex +2) [potion of
                  | mutation]
  2008 | D:3      | Found a runed translucent gate.
  2008 | D:3      | Found a runed translucent gate.
  2008 | D:3      | Found a runed translucent gate.
  2034 | D:3      | Noticed Flogoulo's ghost (weakling TrCK)
  2184 | D:3      | Noticed Natasha
  2189 | D:3      | Killed Natasha
  2395 | D:3      | Found a glowing drain.
  2406 | Sewer    | Entered a sewer
  3194 | D:3      | Noticed Natasha
  3203 | D:3      | Killed Natasha
  3203 | D:3      | Reached skill level 5 in Fighting
  3345 | D:3      | Noticed Natasha
  3349 | D:3      | Killed Natasha
  3418 | D:3      | Killed Flogoulo's ghost
  3418 | D:3      | Reached XP level 7. HP: 35/61 MP: 6/6
  3610 | D:4      | Noticed Menkaure
  3711 | D:4      | Noticed Dowan
  4025 | D:4      | Reached skill level 5 in Axes
  4074 | D:4      | Noticed Duvessa
  4094 | D:4      | Killed Menkaure
  4094 | D:4      | Reached XP level 8. HP: 10/69 MP: 7/7
  4095 | D:4      | Killed Duvessa
  4096 | D:4      | Killed from afar by Dowan

Illustrated notes

Levels and vault maps discovered:
D:1:      minmay_arrival_widening_spiral_narrow, layout_basic,
          minmay_pentomino_x4
D:2:      layout_loops_ring, overflow_temple_1_default, uniq_terence
D:3:      layout_basic, marbit_many_paths, cheibrodos_sewer_entry_bend,
          gammafunk_ghost_icy, uniq_natasha, uniq_robin
D:4:      layout_cave_pools, nemelex_xobeh_ov_fountains_minmay, first_ration,
          minmay_fractal_squares_5, uniq_menkaure, uniq_ijyb, uniq_duvessa

Skill      XL: |  1  2  3  4  5  6  7 |
---------------+----------------------+-----
Shields        | 4 5 6 |  6.6
Fighting       | 4 5 |  5.5
Armour         | 4 5 6 |  6.8
Axes           | 3 4 5 |  5.6
Dodging        | 2 3 |  3.1
Stealth        | |  0.3

Action                   |  1- 3 |  4- 6 |  7- 9 || total
-------------------------+-------+-------+-------++-------
Melee: War axe           |    74 |    59 |       ||   133
       Headbutt          |    11 |    48 |    13 ||    72
       Hand axe          |       |   152 |    64 ||   216
  Use: Potion            |     1 |     5 |     2 ||     8
  Eat: Chunk             |     2 |     7 |     2 ||    11
Armor: Chain mail        |    42 |    55 |    35 ||   132
       Scale mail        |     3 |       |       ||     3
Dodge: Dodged            |    17 |    31 |    19 ||    67
Block: Kite shield       |    46 |    97 |    24 ||   167

Table legend:
 A = Non-vault XP
 B = Vault XP
 C = Vault XP percentage of total XP
 D = Non-vault monster count
 E = Vault monster count
 F = Vault count percentage of total count
                 A         B        C        D         E       F
            +---------+---------+-------+---------+---------+-------
      Total |    1003 |     462 |  31.5 |      70 |      47 |  40.2
            +---------+---------+-------+---------+---------+-------
        D:1 |      23 |       4 |  14.8 |      13 |       2 |  13.3
        D:2 |     302 |      36 |  10.7 |      19 |       1 |   5.0
        D:3 |     288 |     170 |  37.1 |      26 |      20 |  43.5
        D:4 |     390 |     192 |  33.0 |      12 |       2 |  14.3
      Sewer |       0 |      60 | 100.0 |       0 |      22 | 100.0
            +---------+---------+-------+---------+---------+-------
